 Dungeon Sprint DCSS version 0.26-a0-651-gb41185065b (webtiles) character file.

Game seed: 10134824485352324343

435 mhtbhm the Blocker (level 7, -2/54 HPs)
             Began as a Halfling Fighter on Sept 30, 2020.
             Was an Initiate of Trog.
             Slain by a slime creature (14 damage)
             ... in the Dungeon (Sprint I: "Red Sonja").
             The game lasted 00:00:49 (320 turns).

mhtbhm the Blocker (Halfling Fighter)                Turns: 320, Time: 00:00:49

Health: -2/54      AC:  8    Str: 19    XL:     7   Next: 21%
Magic:  7/7        EV: 11    Int:  6    God:    Trog [......]
Gold:   230        SH: 12    Dex: 14    Spells: 6/6 levels left

rFire    . . .     SeeInvis .   a - +0 rapier
rCold    . . .     Faith    .   c - +0 kite shield
rNeg     . . .     Spirit   .   b - +0 scale mail
rPois    .         Reflect  .   (no helmet)
rElec    .         Harm     .   (no cloak)
rCorr    .         Rampage  .   (no gloves)
MR       .....     NoTele   +   (no boots)
Stlth    ..........             (no amulet)
HPRegen  0.18/turn              (no ring)
MPRegen  0.10/turn              (no ring)

@: no status effects
A: small, mutation resistance 1
a: Renounce Religion


You were in the Dungeon.
You worshipped Trog.
Trog was noncommittal.
You visited 1 branch You collected 314 gold pieces.
You spent 84 gold pieces at shops.

Inventory:

Hand Weapons
 a - a +0 rapier (weapon)
Armour
 b - a +0 scale mail (worn)
 c - a +0 kite shield (worn)
Wands
 i - a wand of flame (24)
Scrolls
 j - a scroll of blinking
Potions
 d - a potion of might
 e - a potion of curing
 f - a potion of degeneration {unknown}
 g - a potion of haste
 h - 2 potions of magic


   Skills:
 + Level 7.1 Fighting
 + Level 8.1 Short Blades
 + Level 8.8 Armour
 + Level 1.6 Dodging
 + Level 8.9 Shields


You had 6 spell levels left.
You didn't know any spells.
Your spell library was empty.

Dungeon Overview and Level Annotations

Branches:
Dungeon (1/1)

Altars:
Cheibriados
Dithmenos
Elyvilon
Fedhas
Gozag
Hepliaklqana
Kikubaaqudgha
Makhleb
Nemelex Xobeh
Okawaru
Qazlal
Ru
Sif Muna
Trog
Uskayaw
Vehumet
Wu Jian
Xom
Yredelemnul
Zin
The Shining One
Jiyva
Lugonu

Shops:
D *


Innate Abilities, Weirdness & Mutations

You are small and have problems with some larger weapons.
You are somewhat resistant to further mutation.


Message History

The slime creature hits you!
You hit the slime creature but do no damage.
The slime creature is moderately wounded.
The slime creature closely misses you.
You barely miss the slime creature.
The slime creature is moderately wounded.
You block the slime creature's attack.
You hit the slime creature.
The slime creature is moderately wounded.
The slime creature hits you.
You hit the slime creature but do no damage.
The slime creature is moderately wounded.
You hit the slime creature.
The slime creature is moderately wounded.
The slime creature hits you!
* * * LOW HITPOINT WARNING * * *
You barely miss the slime creature.
The slime creature is moderately wounded.
The slime creature hits you!
You die...

###################
#<.#..)..#.)'..#__#
#..').#..'..#..@J.+
#..#####'#####'#__#
#..####..#...#[####
#..#__####..##.#
#..#_____##'#_.+
#⌠⌠#_.∩...'..._#
####_..__##_.#'#
#_____###+#.#
####### ###


You could see a slime creature.

Vanquished Creatures
  Sigmund (D)
  A yak (D)
  An ogre (D)
  A jelly (D)
  Ijyb (D)
5 creatures vanquished.

Notes
Turn   | Place    | Note
-------+----------+-------------------------------------------
     0 | D        | mhtbhm the Halfling Fighter began the quest for the Orb.
     0 | D        | Reached XP level 1. HP: 15/15 MP: 1/1
     2 | D        | Noticed Ijyb
    17 | D        | Killed Ijyb
    17 | D        | Reached XP level 2. HP: 20/22 MP: 2/2
    17 | D        | Reached XP level 3. HP: 25/27 MP: 3/3
    40 | D        | Noticed an ogre
    46 | D        | Killed an ogre
    46 | D        | Reached skill level 5 in Fighting
    46 | D        | Reached XP level 4. HP: 35/35 MP: 4/4
    46 | D        | Reached XP level 5. HP: 39/39 MP: 5/5
    96 | D        | Noticed Sigmund
   123 | D        | Killed Sigmund
   123 | D        | Reached XP level 6. HP: 38/47 MP: 6/6
   183 | D        | Found an ornate altar of the Wu Jian Council.
   183 | D        | Found a shimmering blue altar of Sif Muna.
   185 | D        | Found a radiant altar of Vehumet.
   189 | D        | Reached skill level 1 in Dodging
   220 | D        | Found Ukeaps's Assorted Antiques.
   220 | D        | Found an ancient bone altar of Kikubaaqudgha.
   220 | D        | Found a hazy altar of Hepliaklqana.
   220 | D        | Found a stormy altar of Qazlal.
   220 | D        | Found a hide-covered altar of Uskayaw.
   220 | D        | Found a blossoming altar of Fedhas.
   220 | D        | Found a bloodstained altar of Trog.
   220 | D        | Found an iron altar of Okawaru.
   220 | D        | Found a basalt altar of Yredelemnul.
   220 | D        | Found a glowing golden altar of the Shining One.
   220 | D        | Found a snail-covered altar of Cheibriados.
   220 | D        | Found a sacrificial altar of Ru.
   220 | D        | Found a glowing silver altar of Zin.
   220 | D        | Found a shadowy altar of Dithmenos.
   220 | D        | Found a white marble altar of Elyvilon.
   220 | D        | Noticed a yak
   244 | D        | Killed a yak
   244 | D        | Reached XP level 7. HP: 45/54 MP: 7/7
   245 | D        | Found an opulent altar of Gozag.
   246 | D        | Found a sparkling altar of Nemelex Xobeh.
   253 | D        | Became a worshipper of Trog the Wrathful
   291 | D        | Bought a long ivory wand for 84 gold pieces
   304 | D        | Found a burning altar of Makhleb.
   304 | D        | Found a viscous altar of Jiyva.
   304 | D        | Found a shimmering altar of Xom.
   304 | D        | Found a corrupted altar of Lugonu.
   304 | D        | Noticed a slime creature
   320 | D        | Slain by a slime creature

Illustrated notes

Levels and vault maps discovered:
D:        dungeon_sprint_1 [red_sonja_temple_1, red_sonja_temple_small_1]

Skill      XL: |  1  2  3  4  5  6 |
---------------+-------------------+-----
Fighting       | 3 5 6 7 |  7.1
Short Blades   | 3 4 6 8 |  8.1
Armour         | 4 6 7 8 |  8.8
Shields        | 4 6 7 8 |  8.9
Dodging        | 1 |  1.6

Action                   |  1- 3 |  4- 6 |  7- 9 || total
-------------------------+-------+-------+-------++-------
Melee: Rapier            |    19 |    48 |    15 ||    82
  Use: Potion            |     1 |     1 |       ||     2
Armor: Scale mail        |     4 |     6 |     1 ||    11
Dodge: Dodged            |     6 |    11 |     3 ||    20
Block: Kite shield       |     1 |    18 |     3 ||    22

Table legend: (Time is in decaauts)
 A = Elapsed time spent in this place.
 B = Non-inter-level travel time spent in this place.
 C = Inter-level travel time spent in this place.
 D = Time resting spent in this place.
 E = Time spent auto-exploring this place.
 F = Levels seen in this place.
 G = Mean time per level.
                   A        B        C        D        E       F      G
               +--------+--------+--------+--------+--------+-----+--------+
         Total |    329 |    329 |      0 |    145 |      0 |   1 |  329.0 |
       Dungeon |    329 |    329 |      0 |    145 |      0 |   1 |  329.0 |
               +--------+--------+--------+--------+--------+-----+--------+

Top non-repeatable levels by time:
       D: 329 daAuts
